 Dungeon Crawl Stone Soup version 0.23.0 (webtiles) character file.

Game seed: 2795605092876716755

88595 Kairos the Severer (level 15, -2/142 HPs)
             Began as a Deep Dwarf Fighter on Feb 15, 2019.
             Was the Champion of Makhleb.
             Slain by a shock serpent (13 damage)
             ... on level 3 of the Snake Pit.
             The game lasted 01:01:18 (15836 turns).

Kairos the Severer (Deep Dwarf Fighter)            Turns: 15836, Time: 01:01:19

Health: -2/142     AC: 19    Str: 31 (32) XL:     15   Next: 47%
Magic:  14/14      EV: 15    Int: 11      God:    Makhleb [******]
Gold:   1452       SH:  4    Dex: 14      Spells: 7/14 levels left

rFire    . . .     SeeInvis .   E - +8 battleaxe of Starshine {chop, MR+}
rCold    . . .     Gourm    .   (shield currently unavailable)
rNeg     + . .     Faith    .   J - +4 scale mail of Impermeability {Str+6}
rPois    .         Spirit   .   (helmet restricted)
rElec    .         Reflect  .   n - +0 cloak
rCorr    .         Harm     .   a - +0 pair of gloves
MR       +++..                  B - +2 pair of boots {Stlth+}
Stlth    ++++......             b - amulet of the acrobat
HPRegen  0.00/turn              H - ring of stealth
MPRegen  0.14/turn              P - +2 ring of dexterity

@: non-regenerating
A: damage resistance, heal wounds, antennae 1, large bone plates 1, clever 1,
deterioration 1, negative energy resistance 1, sense surroundings 2, no
regeneration
a: Heal Wounds, Minor Destruction, Lesser Servant of Makhleb, Major Destruction,
Greater Servant of Makhleb, Renounce Religion


You were on level 3 of the Snake Pit.
You worshipped Makhleb.
Makhleb was exalted by your worship.
You were near starving.

You visited 4 branches of the dungeon, and saw 18 of its levels.

You collected 1452 gold pieces.

Inventory:

Hand Weapons
 k - a +0 broad axe
 y - a +2 morningstar of protection
 E - the +8 battleaxe of Starshine (weapon) {chop, MR+}
   (You found it on level 2 of the Snake Pit)

   It inflicts extra damage upon your enemies.
   It affects your resistance to hostile enchantments.
 O - a +2 antimagic hand axe
 S - the +9 war axe "Gasumeot" {venom, +Blink}
   (You found it on level 7 of the Dungeon)

   It poisons the flesh of those it strikes.
   It lets you blink.
Missiles
 v - 22 tomahawks (quivered)
 K - a throwing net
 R - 3 silver tomahawks
 X - 6 exploding tomahawks
Armour
 a - a +0 pair of gloves (worn)
 c - a +0 shield
 n - a +0 cloak (worn)
 o - a +1 scale mail of fire resistance
 B - a +2 pair of boots of stealth (worn)
 J - the +4 scale mail of Impermeability (worn) {Str+6}
   (You found it on level 3 of the Snake Pit)

   It affects your strength (+6).
Jewellery
 b - an amulet of the acrobat (around neck)
 p - an uncursed ring of see invisible
 H - a ring of stealth (left hand)
 P - a +2 ring of dexterity (right hand)
 V - a +3 ring of intelligence
Wands
 q - a wand of disintegration (13)
 G - a wand of flame (34)
 N - a wand of acid (11)
 Q - a wand of scattershot (2)
 T - a wand of polymorph (10)
 U - a wand of iceblast (17)
Scrolls
 e - a scroll of enchant armour
 i - 8 scrolls of teleportation
 m - 12 scrolls of remove curse
 r - 3 scrolls of magic mapping
 s - a scroll of blinking
 w - 2 scrolls of fog
 A - 5 scrolls of enchant weapon
 C - a scroll of fear
 L - 4 scrolls of amnesia
 M - 3 scrolls of immolation
Potions
 d - 2 potions of might
 h - a potion of curing
 j - 2 potions of berserk rage
 t - 3 potions of flight
 u - a potion of experience {unknown}
 x - 3 potions of haste
 z - 5 potions of agility
 D - 3 potions of magic {unknown}
 F - a potion of heal wounds
 I - 5 potions of mutation
 W - 2 potions of lignification {unknown}
 Y - a potion of degeneration {unknown}
 Z - a potion of brilliance {unknown}
Miscellaneous
 g - a lamp of fire
Comestibles
 f - 24 rations


   Skills:
 + Level 11.5 Fighting
 + Level 17.6(17.7) Axes
 + Level 3.5(11.5) Maces & Flails
 + Level 3.3 Throwing
 + Level 11.2 Armour
 + Level 8.1 Dodging
 + Level 5.3 Stealth
 + Level 13.8 Shields
 + Level 0.3 Invocations
 + Level 1.6 Evocations


You had 7 spell levels left.
You knew the following spells:

 Your Spells              Type           Power        Failure   Level  Hunger
a - Confuse               Hex            #.......     88%         3    ####...
b - Cause Fear            Hex            #.........   99%         4    #####..

Your spell library contained the following spells:

 Spells                   Type           Power        Failure   Level  Hunger
 Apportation              Tloc           #.....       52%         1    ##.....
 Confusing Touch          Hex            #.....       52%         1    ##.....
 Summon Small Mammal      Summ           #...         52%         1    ##.....
 Blink                    Tloc           N/A          67%         2    ###....
 Call Imp                 Summ           #.......     67%         2    ###....
 Call Canine Familiar     Summ           #.......     88%         3    ####...
 Gell's Gravitas          Tloc           #.........   88%         3    ####...
 Summon Guardian Golem    Hex/Summ       #.......     88%         3    ####...
 Petrify                  Tmut/Erth      #.......     99%         4    #####..
 Summon Ice Beast         Ice/Summ       #.......     99%         4    #####..
 Summon Lightning Spire   Summ/Air       #.......     99%         4    #####..
 Metabolic Englaciation   Hex/Ice        #.........   100%        5    ######.
 Silence                  Hex/Air        #.........   100%        5    ######.
 Yara's Violent Unravell  Hex/Tmut       #.........   100%        5    ######.
 Bolt of Fire             Conj/Fire      #.........   100%        6    #######
 Deflect Missiles         Chrm/Air       #.........   100%        6    #######
 Discord                  Hex            #.........   100%        8    #######
 Disjunction              Tloc           #.........   100%        8    #######


Dungeon Overview and Level Annotations

Branches:
Dungeon (8/15)             Temple (1/1) D:4            Lair (6/6) D:8
  Swamp (0/4) Lair:3        Snake (3/4) Lair:4        Slime (0/5) Lair:6

Altars:
Cheibriados
Elyvilon
Gozag
Makhleb
Qazlal
Ru
Sif Muna
Vehumet
Xom
Zin
The Shining One

Annotations:
Lair:1 2 exclusions
Lair:5 exclusion: oklob plant
Lair:6 Jipob's ghost, adept MiBe
Snake:3 Vashnia


Innate Abilities, Weirdness & Mutations

You are resistant to damage.
You can heal yourself by infusing magical energy.
You resist negative energy. (rN+)
You passively map the area around you.
You do not regenerate.
You have a pair of small antennae on your head.
You are partially covered in large bone plates. (SH +4)
Your mind is acute. (Int +2)
Your body sometimes deteriorates upon taking damage.


Message History

The bolt of electricity misses you.
You miss the shock serpent.
The shock serpent is lightly wounded.
The shock serpent completely misses you.
You closely miss the shock serpent. The shock serpent bites you.
* * * LOW HITPOINT WARNING * * *
The shock serpent shocks you!
* * * LOW HITPOINT WARNING * * *
Your scale mail of Impermeability prevents you from hitting the shock serpent.
The shock serpent shoots out a bolt of lightning at you!
The bolt of electricity hits you.
You barely miss the shock serpent. The shock serpent misses you.
The shock serpent shoots out a bolt of lightning at you!
The bolt of electricity hits you!
* * * LOW HITPOINT WARNING * * *
You slice the shock serpent!!
The shock serpent is heavily wounded.
The shock serpent's electric aura discharges, shocking you!
The shock serpent bites you!
You die...

≈≈.#...........# #...### **#
* ≈≈..............# #...# .
#......#....... #...### * #
* #....#.#.#.#.#####...+.#
*,≈
#....#...............#.###≈≈
#............#.....#.....≈≈≈
#....#..#.....###..#....≈≈≈≈
### ##.#.....###....##.≈≈≈≈
#####.#>#@......##.##.#≈≈≈
#<....#%#S<..#........##≈≈
#######...##.#.######....≈
#.#..((#.# #.####
#.#.(.[#(######.####
#.#....(............
#.#...#.(...........
###...#.##..#######.
###...#.##..#######.


You could see a shock serpent.

Vanquished Creatures
  Kirke (Snake:1)
  A nagaraja (Snake:3)
  A dire elephant (Lair:2)
  A fire dragon (Lair:6)
  4 hydras
  8 naga warriors
  6 anacondas
  A two-headed ogre (D:8)
  5 death yaks (Lair:2)
  The ghost of Kairos the Cleaver, a journeyman VSFi of Okawaru (Lair:1)
  10 naga sharpshooters
  4 shock serpents
  A fire crab (Lair:6)
  A salamander mystic (Snake:1)
  5 sea snakes (Snake:3)
  A swamp dragon (Lair:6)
  A naga ritualist (Snake:1)
  A lindwurm (Lair:2)
  4 salamanders
  A wolf spider (Lair:6)
  6 mana vipers
  2 moths of wrath (Lair:1)
  Joseph (Lair:1)
  5 naga magi
  33 black mambas
  2 elephants
  4 guardian serpents
  10 spiny frogs
  6 rime drakes
  9 komodo dragons
  Prince Ribbit (D:5)
  A tyrant leech (Lair:3)
  2 hornets (Lair:6)
  A polar bear (Lair:4)
  34 blink frogs
  5 dream sheep (Lair:6)
  4 hippogriffs
  Sigmund (D:5)
  4 redbacks (Lair:6)
  A spriggan (Lair:4)
  2 hogs (Snake:1)
  9 wyverns
  19 yaks
  7 basilisks
  A steam dragon (Lair:6)
  A human (Snake:1)
  3 swamp worms (Lair:3)
  30 nagas
  An acid dragon (Lair:6)
  20 water moccasins
  13 porcupines
  A swamp drake (Lair:6)
  4 ice beasts
  4 sky beasts
  3 orc warriors
  2 black bears
  2 phantoms
  2 ogres
  13 wolves
  2 centaurs
  11 crocodiles
  2 big kobolds
  8 bullfrogs
  A scorpion (D:8)
  3 electric eels
  2 howler monkeys
  2 crimson imps
  A centaur zombie (D:8)
  5 hounds
  2 lava snakes (Snake:1)
  A centaur skeleton (D:7)
  4 jellies (D:8)
  7 orc priests
  4 iguanas
  6 worker ants
  Natasha (twice) (D:3)
  10 orc wizards
  7 hell rats (Lair:4)
  2 hound skeletons
  Robin (D:3)
  3 gnolls (D:5)
  13 adders
  4 shadow imps
  5 oozes (D:8)
  An adder skeleton (D:4)
  An adder zombie (D:6)
  3 worms
  2 dart slugs
  6 leopard geckos
  35 orcs
  6 ball pythons
  4 giant cockroaches
  8 goblins
  9 hobgoblins
  6 jackals
  16 kobolds
  A quokka (D:4)
  7 bats (D:2)
  2 frilled lizards (D:4)
  A jackal skeleton (D:5)
  A leopard gecko skeleton (D:5)
  A leopard gecko zombie (D:5)
  4 rats
  6 fungi
  12 plants
567 creatures vanquished.

Vanquished Creatures (others)
  An iguana (Lair:6)
  A goblin (D:3)
  6 fungi
  21 plants
  7 toadstools (Lair:2)
36 creatures vanquished.

Grand Total: 603 creatures vanquished

Notes
Turn   | Place    | Note
-------+----------+-------------------------------------------
     0 | D:1      | Kairos the Deep Dwarf Fighter began the quest for the Orb.
     0 | D:1      | Reached XP level 1. HP: 20/20 MP: 1/1
   327 | D:1      | Reached XP level 2. HP: 25/27 MP: 2/2
   686 | D:2      | Found a stormy altar of Qazlal.
   761 | D:2      | Reached XP level 3. HP: 32/34 MP: 3/3
   827 | D:2      | Found a snail-covered altar of Cheibriados.
   901 | D:2      | Reached skill level 3 in Axes
   982 | D:2      | Reached XP level 4. HP: 12/42 MP: 4/4
  1450 | D:3      | Reached XP level 5. HP: 38/49 MP: 5/5
  1564 | D:3      | Found a sacrificial altar of Ru.
  1573 | D:3      | Reached skill level 4 in Axes
  1618 | D:3      | Reached skill level 1 in Dodging
  1653 | D:3      | Noticed Natasha
  1658 | D:3      | Killed Natasha
  1673 | D:3      | Found an opulent altar of Gozag.
  1691 | D:3      | Reached XP level 6. HP: 41/56 MP: 6/6
  1866 | D:3      | Noticed Robin
  1879 | D:3      | Killed Robin
  2034 | D:3      | Noticed Natasha
  2043 | D:3      | Killed Natasha
  2263 | D:4      | Reached skill level 5 in Axes
  2464 | D:4      | Found a staircase to the Ecumenical Temple.
  2479 | Temple   | Entered the Ecumenical Temple
  2522 | Temple   | Became a worshipper of Makhleb the Destroyer
  2582 | D:4      | Found a radiant altar of Vehumet.
  2595 | D:4      | Reached XP level 7. HP: 33/63 MP: 7/7
  2835 | D:5      | Entered Level 5 of the Dungeon
  2975 | D:5      | Noticed Prince Ribbit
  3016 | D:5      | Noticed Sigmund
  3118 | D:5      | Reached skill level 1 in Stealth
  3354 | D:5      | Reached skill level 6 in Axes
  3354 | D:5      | Reached skill level 5 in Armour
  3354 | D:5      | Reached skill level 5 in Shields
  3377 | D:5      | Killed Sigmund
  3549 | D:5      | Killed Prince Ribbit
  3549 | D:5      | Reached skill level 7 in Axes
  3549 | D:5      | Reached XP level 8. HP: 33/73 MP: 8/8
  4085 | D:6      | Reached * piety under Makhleb
  4102 | D:6      | Found a glowing golden altar of the Shining One.
  4418 | D:6      | Reached skill level 1 in Throwing
  4478 | D:6      | Reached skill level 8 in Axes
  4604 | D:6      | Gained mutation: You passively map the area around you.
                  | [Deep Dwarf growth]
  4604 | D:6      | Reached XP level 9. HP: 63/80 MP: 9/9
  5469 | D:7      | Reached skill level 5 in Fighting
  5485 | D:7      | HP: 2/81 [orc priest/divine providence (10)]
  5655 | D:7      | Reached ** piety under Makhleb
  5782 | D:7      | Reached skill level 9 in Axes
  5850 | D:7      | Got an ancient war axe
  5851 | D:7      | Identified the +9 war axe "Gasumeot" {venom, +Blink} (You
                  | found it on level 7 of the Dungeon)
  6169 | D:8      | Noticed a two-headed ogre
  6365 | D:8      | Found a staircase to the Lair.
  6408 | D:8      | Reached XP level 10. HP: 91/91 MP: 9/9
  6412 | D:8      | Reached skill level 10 in Axes
  6418 | D:8      | Reached *** piety under Makhleb
  6479 | D:8      | Killed a two-headed ogre
  6681 | D:8      | Found a deep blue altar of Sif Muna.
  6743 | D:8      | Noticed an elephant
  6755 | D:8      | Killed an elephant
  6825 | Lair:1   | Entered Level 1 of the Lair of Beasts
  6828 | Lair:1   | Identified Joblon's Almanac of Fire and Dislocation
  6834 | Lair:1   | Learned a level 3 spell: Confuse
  6861 | Lair:1   | Reached skill level 11 in Axes
  6869 | Lair:1   | Learned a level 4 spell: Cause Fear
  6914 | Lair:1   | Found a transporter.
  6919 | Lair:1   | Noticed a moth of wrath
  6996 | Lair:1   | Noticed a four-headed hydra
  7028 | Lair:1   | Noticed an elephant
  7035 | Lair:1   | Noticed Kairos's ghost (journeyman VSFi)
  7035 | Lair:1   | Noticed a moth of wrath
  7046 | Lair:1   | Found a transporter.
  7135 | Lair:1   | Noticed a spiny frog
  7144 | Lair:1   | Killed a spiny frog
  7251 | Lair:1   | Noticed Joseph
  7264 | Lair:1   | Killed Joseph
  7532 | Lair:2   | Noticed a spiny frog
  7541 | Lair:2   | Killed a spiny frog
  7552 | Lair:2   | Reached XP level 11. HP: 96/99 MP: 10/10
  7565 | Lair:2   | Noticed an eight-headed hydra
  7588 | Lair:2   | Killed an eight-headed hydra
  7606 | Lair:2   | Noticed a four-headed hydra
  7633 | Lair:2   | Killed a four-headed hydra
  7633 | Lair:2   | Reached skill level 1 in Maces & Flails
  7636 | Lair:2   | Reached skill level 1 in Evocations
  7930 | Lair:2   | Reached **** piety under Makhleb
  8008 | Lair:2   | Noticed a dire elephant
  8008 | Lair:2   | Noticed a lindwurm
  8020 | Lair:2   | Noticed a death yak
  8020 | Lair:2   | Noticed a death yak
  8021 | Lair:2   | Noticed a death yak
  8021 | Lair:2   | Noticed a death yak
  8029 | Lair:2   | Found a runed translucent door.
  8062 | Lair:2   | Reached skill level 12 in Axes
  8114 | Lair:2   | Noticed a death yak
  8143 | Lair:2   | Killed a dire elephant
  8143 | Lair:2   | Reached skill level 5 in Dodging
  8287 | Lair:2   | Killed a death yak
  8330 | Lair:2   | Killed a lindwurm
  8755 | Lair:2   | Killed a death yak
  8755 | Lair:2   | Reached skill level 10 in Shields
  8764 | Lair:2   | Killed a death yak
  8775 | Lair:2   | Killed a death yak
  8775 | Lair:2   | Reached XP level 12. HP: 80/109 MP: 11/11
  8784 | Lair:2   | Killed a death yak
  8901 | Lair:2   | Gained mutation: Your body sometimes deteriorates upon
                  | taking damage. [potion of mutation]
  8901 | Lair:2   | Gained mutation: You have a pair of small antennae on your
                  | head. [potion of mutation]
  8901 | Lair:2   | Gained mutation: You are partially covered in large bone
                  | plates. (SH +4) [potion of mutation]
  8901 | Lair:2   | Gained mutation: Your mind is acute. (Int +2) [potion of
                  | mutation]
  8999 | Lair:3   | Reached skill level 13 in Axes
  9655 | Lair:3   | Found a staircase to the Swamp.
  9778 | Lair:4   | Reached skill level 14 in Axes
  9804 | Lair:4   | Reached ***** piety under Makhleb
 10012 | Lair:4   | Reached XP level 13. HP: 120/120 MP: 12/12
 10029 | Lair:4   | Found a staircase to the Snake Pit.
 10530 | Lair:5   | Found a shimmering altar of Xom.
 11134 | Lair:6   | Entered Level 6 of the Lair of Beasts
 11165 | Lair:6   | Found a large runed translucent door.
 11165 | Lair:6   | Found a large runed translucent door.
 11179 | Lair:6   | Reached skill level 15 in Axes
 11212 | Lair:6   | Found a glowing silver altar of Zin.
 11610 | Lair:6   | Reached skill level 10 in Armour
 11653 | Lair:6   | Found a staircase to the Slime Pits.
 12002 | Lair:6   | Noticed a fire dragon
 12019 | Lair:6   | Killed a fire dragon
 12156 | Lair:6   | Gained mutation: You resist negative energy. (rN+) [Deep
                  | Dwarf growth]
 12156 | Lair:6   | Reached XP level 14. HP: 117/130 MP: 13/13
 12164 | Lair:6   | Noticed Jipob's ghost (adept MiBe)
 12310 | Lair:1   | Killed Kairos's ghost
 12310 | Lair:1   | Reached ****** piety under Makhleb
 12310 | Lair:1   | Reached skill level 16 in Axes
 13008 | Snake:1  | Entered Level 1 of the Snake Pit
 13048 | Snake:1  | Reached skill level 10 in Fighting
 13261 | Snake:1  | HP: 3/132 [shock serpent/bolt of electricity (8)]
 13599 | Snake:1  | Noticed Kirke
 13618 | Snake:1  | Killed Kirke
 14445 | Snake:2  | Got an ichor-stained battleaxe
 14451 | Snake:2  | Identified the +8 battleaxe of Starshine {chop, MR+} (You
                  | found it on level 2 of the Snake Pit)
 14544 | Snake:2  | You fall through a shaft!
 14549 | Snake:3  | Reached XP level 15. HP: 124/141 MP: 14/14
 14602 | Snake:3  | Reached skill level 5 in Stealth
 14635 | Snake:3  | Got a transparent scale mail
 14665 | Snake:2  | Identified the +4 scale mail of Impermeability {Str+6} (You
                  | found it on level 3 of the Snake Pit)
 14992 | Snake:3  | Reached skill level 17 in Axes
 15301 | Snake:3  | Noticed Vashnia
 15500 | Snake:3  | Noticed a nagaraja
 15511 | Snake:3  | Killed a nagaraja
 15836 | Snake:3  | Slain by a shock serpent

Skill      XL: |  1  2  3  4  5  6  7  8  9 10 11 12 13 14 15 |
---------------+----------------------------------------------+-----
Fighting       | 3 4 5 6 7 8 9 11 | 11.5
Axes           | 3 4 5 7 8 9 11 12 14 15 16 17 | 17.6
Armour         | 4 5 6 7 9 10 11 | 11.2
Shields        | 4 5 6 8 10 12 13 | 13.8
Dodging        | 1 2 3 4 5 6 7 8 |  8.1
Stealth        | 1 2 3 4 5 |  5.3
Throwing       | 1 3 |  3.3
Maces & Flails | 3 |  3.5
Evocations     | 1 |  1.6
Invocations    | |  0.3

Action                   |  1- 3 |  4- 6 |  7- 9 | 10-12 | 13-15 || total
-------------------------+-------+-------+-------+-------+-------++-------
Melee: Hand axe          |    80 |   221 |   386 |       |       ||   687
       War axe           |     5 |       |    63 |   392 |   689 ||  1149
       Morningstar       |       |       |       |    18 |    14 ||    32
       Battleaxe         |       |       |       |       |   158 ||   158
Throw: Throwing net      |       |       |     2 |       |       ||     2
       Tomahawk          |       |       |    11 |    20 |     5 ||    36
Invok: Minor Destruction |       |       |     1 |       |       ||     1
 Abil: Heal Wounds       |       |     1 |     6 |       |     1 ||     8
       Evoke Blink       |       |       |       |       |     1 ||     1
Evoke: Wand              |       |       |       |     5 |       ||     5
  Use: Scroll            |       |     1 |     3 |       |    14 ||    18
       Potion            |       |       |       |     1 |     6 ||     7
 Stab: Sleeping          |       |       |     1 |     2 |     5 ||     8
  Eat: Chunk             |       |     6 |     8 |    14 |    11 ||    39
       Ration            |       |       |     1 |       |     2 ||     3
Armor: Scale mail        |    39 |    84 |   155 |   108 |   164 ||   550
       Chain mail        |     5 |       |       |       |       ||     5
Dodge: Dodged            |    24 |    55 |   111 |   177 |   324 ||   691
Block: Shield            |    25 |    99 |   191 |   252 |   527 ||  1094
       Other             |       |       |       |       |    26 ||    26
